 Dungeon Crawl Stone Soup version 0.23.2-1-ga50397a6bc (webtiles) character file.

Game seed: 16346612986480852698

38148 Forgol the Fighter (level 14, -3/157 HPs)
             Began as an Ogre Berserker on Apr 25, 2019.
             Was an Elder of Trog.
             Slain by a meliai
             ... wielding a +2 broad axe of pain
              (10 damage)
             ... on level 5 of the Lair of Beasts.
             The game lasted 00:35:22 (25263 turns).

Forgol the Fighter (Ogre Berserker)                Turns: 25263, Time: 00:35:23

Health: -3/157     AC: 10    Str: 30    XL:     14   Next: 0%
Magic:  14/14      EV: 14    Int:  8    God:    Trog [****..]
Gold:   1039       SH:  0    Dex:  8    Spells: 13/13 levels left

rFire    + + .     SeeInvis .   b - +11 dire flail of the Blowfly {crush, Str+2}
rCold    . . .     Gourm    .   (shield currently unavailable)
rNeg     . . .     Faith    +   p - +2 robe {rF+}
rPois    +         Spirit   .   i - +2 hat
rElec    .         Reflect  .   f - +2 cloak {rPois}
rCorr    .         Harm     .   (gloves unavailable)
MR       ++++.                  (boots unavailable)
Stlth    +.........             k - amulet of faith
HPRegen  1.36/turn              E - ring of protection from magic
MPRegen  0.14/turn              I - ring of protection from fire (curse)

@: about to teleport, berserk cooldown, very slightly contaminated,
regenerating, slowed, very slow
A: large, unfitting armour, tough skin 1
a: Berserk, Trog's Hand, Brothers in Arms, Renounce Religion


You were on level 5 of the Lair of Beasts.
You worshipped Trog.
Trog was greatly pleased with you.
You were not hungry.

You visited 2 branches of the dungeon, and saw 18 of its levels.

You collected 1282 gold pieces.
You spent 243 gold pieces at shops.

Inventory:

Hand Weapons
 b - the +11 dire flail of the Blowfly (weapon) {crush, Str+2}
   (You bought it in a shop on level 12 of the Dungeon)

   It inflicts extra damage upon your enemies.
   It affects your strength (+2).
 Q - a +9 antimagic giant club
 T - a +1 great mace of draining
Missiles
 v - 5 large rocks (quivered)
Armour
 f - a +2 cloak of poison resistance (worn)
 i - a +2 hat (worn)
 n - a scarf of spirit shield
 p - a +2 robe of fire resistance (worn)
 K - a +2 shield
Jewellery
 k - an amulet of faith (around neck)
 D - a +5 ring of strength
 E - a ring of protection from magic (left hand)
 I - a cursed ring of protection from fire (right hand)
 X - a cursed -3 ring of strength
Wands
 t - a wand of random effects (53)
 w - a wand of acid (26)
 C - a wand of enslavement (10)
 G - a wand of flame (34)
 L - a wand of iceblast (7)
 O - a wand of polymorph (10)
 R - a wand of disintegration (13)
 S - a wand of digging (4)
 U - a wand of clouds (7)
Scrolls
 g - 7 scrolls of fear
 l - 11 scrolls of remove curse
 r - 7 scrolls of magic mapping
 y - a scroll of fog
 A - 2 scrolls of blinking
 B - 9 scrolls of teleportation
 J - 2 scrolls of enchant armour
 N - a scroll of enchant weapon
 P - a scroll of holy word
 V - a scroll of identify
 W - a scroll of amnesia {unknown}
Potions
 a - 2 potions of berserk rage
 d - 3 potions of heal wounds {unknown}
 e - 2 potions of lignification
 h - a potion of cancellation
 j - 2 potions of flight
 m - 3 potions of mutation
 o - 5 potions of brilliance
 q - 6 potions of curing
 s - 11 potions of haste
 u - a potion of invisibility
 x - 3 potions of agility
 z - 3 potions of resistance
 F - a potion of might
Comestibles
 c - 19 rations


   Skills:
 + Level 14.6 Fighting
 * Level 14.4 Maces & Flails
 + Level 7.7 Throwing
 + Level 10.7 Dodging


You had 13 spell levels left.
You didn't know any spells.
Your spell library was empty.

Dungeon Overview and Level Annotations

Branches:
Dungeon (13/15)            Temple (0/1) D:4            Lair (5/6) D:9
  Swamp (0/4) Lair:3       Spider (0/4) Lair:4          Orc (0/2) D:11
  Slime: Lair:5-6    Vaults: D:13-14

Altars:
Dithmenos
Fedhas
Gozag
Hepliaklqana
Nemelex Xobeh
Okawaru
Qazlal
Sif Muna
Xom
Yredelemnul
The Shining One

Shops:
D:12 (

Annotations:
D:7 2 transporters, VAD3MB3R's ghost, novice MfGl
D:8 exclusion: oklob plant
D:11 2 transporters
Lair:3 exclusion: 3 oklob plants


Innate Abilities, Weirdness & Mutations

You are too large for most types of armour.
You have tough skin. (AC +1)


Message History

The killer bee barely misses you. The killer bee stings you.
* * * LOW HITPOINT WARNING * * *
The killer bee closely misses you. x3
The killer bee barely misses you. The meliai closely misses you.
The meliai stings you!
* * * LOW HITPOINT WARNING * * *
The killer bee stings you.
* * * LOW HITPOINT WARNING * * *
The killer bee misses you. The killer bee closely misses you.
The killer bee barely misses you.
As you read the scroll of teleportation, it crumbles to dust.
You feel strangely unstable. The killer bee misses you.
The meliai hits you with a +2 broad axe of pain.
* * * LOW HITPOINT WARNING * * *
The meliai stings you but does no damage.
The killer bee stings you but does no damage. x2
The killer bee stings you!
* * * LOW HITPOINT WARNING * * *
The meliai hits you with a +2 broad axe of pain!
You die...

###.............PPPPPP.
#.#.............PPPPP..
#......................
###..........P.#...#...
#P............###.##..
#.............##..P...
#...........)...#.....
#.....................
#...y@................
#...yyy...............
#...........P.........
##................#.#.
##.....#.#P......##.#
#................ #.
#.......P.P ##.....####
#......##.


You could see a meliai and 3 killer bees.

Vanquished Creatures
  Kirke (Lair:4)
  2 entropy weavers (Lair:4)
  5 hydras
  3 two-headed ogres
  A queen ant (Lair:4)
  2 unseen horrors (D:12)
  A cyclops (D:11)
  8 spiny frogs
  3 black mambas
  5 komodo dragons
  A rime drake (Lair:1)
  A troll (D:9)
  2 polar bears
  2 meliai (Lair:5)
  8 dream sheep
  4 hippogriffs
  8 blink frogs
  4 slime creatures (D:12)
  2 shadows (D:11)
  A tarantella (Lair:4)
  28 yaks
  2 basilisks (Lair:2)
  A wraith (D:10)
  A hog (Lair:4)
  6 wyverns
  2 hungry ghosts
  Menkaure (D:4)
  5 soldier ants (Lair:4)
  4 porcupines
  9 water moccasins
  6 orc warriors
  5 ice beasts
  3 phantoms
  5 sky beasts
  A black bear (D:7)
  6 centaurs
  7 ogres
  6 wolves
  A necrophage (D:11)
  8 crocodiles
  4 big kobolds
  15 bullfrogs
  A wyvern zombie (D:9)
  A wyvern skeleton (D:6)
  3 scorpions
  4 wights
  17 killer bees
  2 howler monkeys
  6 crimson imps
  2 bullfrog zombies
  2 jellies
  3 centaur skeletons
  5 hounds
  6 orc wizards
  A quasit (D:8)
  3 orc priests
  6 bullfrog skeletons
  7 iguanas
  11 worker ants
  2 hound zombies
  2 hound skeletons
  14 adders
  3 shadow imps
  3 adder skeletons
  A worm (D:3)
  2 dart slugs (D:2)
  8 leopard geckos
  30 orcs
  A ball python (D:3)
  3 giant cockroaches
  4 hobgoblins
  7 jackals
  3 quokkas
  3 bats
  4 frilled lizards
  4 goblins
  A jackal skeleton (D:4)
  8 kobolds
  A leopard gecko skeleton (D:6)
  A quokka zombie (D:5)
  4 rats
379 creatures vanquished.

Vanquished Creatures (collateral kills)
  A queen bee (Lair:5)
  2 killer bees (Lair:5)
3 creatures vanquished.

Vanquished Creatures (others)
  4 fungi
  18 plants
  14 toadstools (D:8)
36 creatures vanquished.

Grand Total: 418 creatures vanquished

Notes
Turn   | Place    | Note
-------+----------+-------------------------------------------
     0 | D:1      | Forgol the Ogre Berserker began the quest for the Orb.
     0 | D:1      | Reached XP level 1. HP: 24/24 MP: 1/1
   488 | D:1      | Reached XP level 2. HP: 28/32 MP: 2/2
  1337 | D:2      | Reached XP level 3. HP: 36/40 MP: 3/3
  1472 | D:2      | Found a stormy altar of Qazlal.
  1598 | D:2      | Found an opulent altar of Gozag.
  1598 | D:2      | Found a sparkling altar of Nemelex Xobeh.
  1879 | D:2      | Found a glowing golden altar of the Shining One.
  1893 | D:2      | Reached XP level 4. HP: 48/49 MP: 4/4
  2016 | D:2      | Reached skill level 1 in Throwing
  2055 | D:2      | Found a basalt altar of Yredelemnul.
  2055 | D:2      | Noticed an ogre
  2057 | D:2      | Noticed a profane servitor
  2062 | D:2      | Killed an ogre
  2062 | D:2      | Reached skill level 5 in Fighting
  2062 | D:2      | Reached XP level 5. HP: 37/57 MP: 2/5
  3504 | D:3      | Found a deep blue altar of Sif Muna.
  3686 | D:3      | Reached ** piety under Trog
  3784 | D:4      | Reached XP level 6. HP: 42/66 MP: 2/6
  4122 | D:4      | Noticed Menkaure
  4127 | D:4      | Killed Menkaure
  4127 | D:4      | Reached XP level 7. HP: 57/74 MP: 3/7
  4470 | D:4      | Reached skill level 5 in Maces & Flails
  4543 | D:4      | Found a staircase to the Ecumenical Temple.
  5175 | D:5      | Entered Level 5 of the Dungeon
  5696 | D:5      | Reached XP level 8. HP: 81/84 MP: 6/8
  5959 | D:5      | Found a shadowy altar of Dithmenos.
  6007 | D:5      | Found an iron altar of Okawaru.
  6891 | D:6      | Reached *** piety under Trog
  6891 | D:6      | Reached skill level 5 in Dodging
  6966 | D:6      | Identified the +1 long sword of the Secret Curses {pain,
                  | rElec MR++ Dex+6}
  7383 | D:6      | Reached XP level 9. HP: 96/96 MP: 7/9
  8372 | D:7      | Found a transporter.
  8376 | D:7      | Noticed VAD3MB3R's ghost (novice MfGl)
  8566 | D:7      | Got a creamy pearl robe
  8577 | D:7      | Identified the +1 robe of Repuonu {rC- Dex+9} (You found it
                  | on level 7 of the Dungeon)
  8778 | D:7      | Found a transporter.
  9131 | D:8      | Reached **** piety under Trog
  9380 | D:8      | Noticed a three-headed hydra
  9387 | D:8      | Killed a three-headed hydra
  9387 | D:8      | Reached skill level 10 in Fighting
  9387 | D:8      | Reached XP level 10. HP: 85/110 MP: 4/10
 10203 | D:8      | Found a hazy altar of Hepliaklqana.
 10203 | D:8      | Found a stormy altar of Qazlal.
 10558 | D:8      | Reached skill level 10 in Maces & Flails
 10661 | D:8      | Found a blossoming altar of Fedhas.
 10683 | D:8      | Noticed an oklob plant
 10743 | D:8      | Found a shimmering altar of Xom.
 10760 | D:8      | Noticed a two-headed ogre
 10765 | D:8      | Killed a two-headed ogre
 11932 | D:9      | Reached ***** piety under Trog
 12030 | D:9      | Reached XP level 11. HP: 117/120 MP: 11/11
 12495 | D:9      | Found a staircase to the Lair.
 12749 | D:10     | Entered Level 10 of the Dungeon
 13252 | D:10     | Received a gift from Trog
 13896 | Lair:1   | Entered Level 1 of the Lair of Beasts
 13896 | Lair:1   | Noticed a six-headed hydra
 13936 | D:11     | Noticed a cyclops
 14627 | D:11     | Found a staircase to the Orcish Mines.
 14655 | D:11     | Killed a cyclops
 15363 | D:11     | Found a transporter.
 15369 | D:11     | Noticed an orc high priest
 15395 | D:11     | Found a transporter.
 15460 | D:12     | Noticed a two-headed ogre
 15467 | D:12     | Killed a two-headed ogre
 15525 | D:12     | Noticed a two-headed ogre
 15530 | D:12     | Killed a two-headed ogre
 15702 | D:12     | Reached XP level 12. HP: 133/133 MP: 12/12
 15958 | D:12     | Noticed an eight-headed hydra
 15966 | D:12     | HP: 1/199 [eight-headed hydra (12)]
 15967 | D:12     | Killed an eight-headed hydra
 17221 | D:12     | Found Vof Baun's Antique Weapon Shop.
 17234 | D:12     | Bought a shimmering dire flail for 243 gold pieces
 17234 | D:12     | Identified the +11 dire flail of the Blowfly {crush, Str+2}
                  | (You bought it in a shop on level 12 of the Dungeon)
 17331 | D:12     | Identified a scroll of acquirement
 17332 | D:12     | Got a faintly glowing large shield
 17339 | D:12     | Identified the +0 large shield "Witredamno" {Str-5 Int+4}
                  | (You acquired it on level 12 of the Dungeon)
 17813 | Lair:1   | Killed a six-headed hydra
 17934 | Lair:1   | Received a gift from Trog
 18128 | Lair:1   | Reached skill level 5 in Throwing
 19949 | Lair:2   | Noticed a four-headed hydra
 19957 | Lair:2   | Killed a four-headed hydra
 19957 | Lair:2   | Reached XP level 13. HP: 90/144 MP: 13/13
 20793 | Lair:3   | Reached skill level 10 in Dodging
 21511 | Lair:3   | Found a staircase to the Swamp.
 22220 | Lair:4   | Found a hole to the Spider Nest.
 22495 | Lair:4   | Received a gift from Trog
 22517 | Lair:4   | Noticed an entropy weaver
 22531 | Lair:4   | Killed an entropy weaver
 22665 | Lair:4   | Noticed an entropy weaver
 22670 | Lair:4   | Killed an entropy weaver
 22670 | Lair:4   | Received a gift from Trog
 23317 | Lair:4   | Noticed Kirke
 23335 | Lair:4   | Killed Kirke
 25247 | Lair:5   | Reached XP level 14. HP: 83/157 MP: 14/14
 25263 | Lair:5   | HP: 7/157 [killer bee (9)]
 25263 | Lair:5   | Slain by a meliai

Skill      XL: |  1  2  3  4  5  6  7  8  9 10 11 12 13 |
---------------+----------------------------------------+-----
Maces & Flails | 3 4 6 7 9 10 12 13 14 | 14.4
Dodging        | 3 4 5 7 9 10 | 10.7
Throwing       | 1 2 3 5 7 |  7.7
Fighting       | 5 6 8 10 11 12 13 14 | 14.6

Action                   |  1- 3 |  4- 6 |  7- 9 | 10-12 | 13-15 || total
-------------------------+-------+-------+-------+-------+-------++-------
Melee: Mace              |    84 |     8 |       |       |       ||    92
       Giant spiked club |       |   108 |   268 |   324 |       ||   700
       Dire flail        |       |       |       |   117 |   283 ||   400
       Giant club        |       |       |       |     8 |       ||     8
Throw: Stone             |       |       |       |     1 |       ||     1
Invok: Berserk           |     1 |     2 |     5 |    12 |     5 ||    25
       Trog's Hand       |       |       |     3 |     5 |     4 ||    12
       Brothers in Arms  |       |       |       |       |     1 ||     1
  Use: Scroll            |     3 |     7 |     9 |    10 |     7 ||    36
       Potion            |       |       |       |     1 |     1 ||     2
 Stab: Sleeping          |       |       |       |     3 |       ||     3
  Eat: Chunk             |     4 |     5 |    20 |    25 |     8 ||    62
       Ration            |       |     1 |     1 |     7 |     5 ||    14
Armor: Animal skin       |    37 |    59 |   116 |       |       ||   212
       Robe              |       |       |    11 |   113 |    68 ||   192
Dodge: Dodged            |    47 |    76 |   230 |   317 |   157 ||   827
